 Dungeon Crawl Stone Soup version 0.19-a0-1032-g6b228a8 (webtiles) character file.

937 DarthKuruptios the Covered (level 7, -6/63 HPs)
             Began as a Minotaur Berserker on July 28, 2016.
             Was a Priest of Trog.
             Mangled by Prince Ribbit (9 damage)
             ... on level 5 of the Dungeon.
             The game lasted 00:14:30 (3737 turns).

DarthKuruptios the Covered (Minotaur Berserker)     Turns: 3737, Time: 00:14:31

Health: -6/63      AC:  8    Str: 21    XL:     7   Next: 87%
Magic:  6/6        EV: 13    Int:  4    God:    Trog [***...]
Gold:   279        SH:  0    Dex: 12    Spells: 0 memorised, 6 levels left

rFire  . . .     SeeInvis .     t - +0 war axe
rCold  . . .     Gourm    .     g - +0 ring mail
rNeg   . . .     Faith    .     (no shield)
rPois  .         Spirit   .     o - +2 hat
rElec  .         Dismiss  .     (no cloak)
rCorr  .         Reflect  .     (no gloves)
SustAt .         Harm     .     (no boots)
MR     ++...                    (no amulet)
Stlth  +.........               (no ring)
                                (no ring)

@: regenerating, very resistant to hostile enchantments, very unstealthy
A: retaliatory headbutt, horns 2
a: Berserk, Trog's Hand, Burn Spellbooks, Renounce Religion


You were on level 5 of the Dungeon.
You worshipped Trog.
Trog was most pleased with you.
You were not hungry.

You visited 1 branch of the dungeon, and saw 5 of its levels.

You collected 321 gold pieces.
You spent 42 gold pieces at shops.

Inventory:

Hand Weapons
 a - a +0 hand axe
 t - a +0 war axe (weapon)
Armour
 b - a +0 animal skin
 g - a +0 ring mail (worn)
 o - a +2 hat (worn)
Jewellery
 u - an uncursed ring of protection from cold {unknown}
Wands
 d - a wand of flame (25/48)
Scrolls
 e - a scroll of remove curse
 k - 11 scrolls of identify
 m - a scroll of amnesia
 n - a scroll of magic mapping
 p - 3 scrolls of random uselessness {unknown}
 r - a scroll of teleportation
 s - a scroll of noise {unknown}
Potions
 f - 2 potions of heal wounds
 h - a potion of mutation {unknown}
 j - 4 potions of curing
 l - 2 potions of agility {unknown}
 q - a potion of might {unknown}
 w - a potion of magic {unknown}
Comestibles
 c - 4 bread rations
 i - 3 meat rations


   Skills:
 + Level 6.1 Fighting
 + Level 6.1 Axes
 + Level 6.2 Armour
 + Level 5.3 Dodging
 + Level 1.5 Stealth


You had 6 spell levels left.
You didn't know any spells.

Dungeon Overview and Level Annotations

Branches:
Dungeon (5/15)
 Temple: D:4-7

Altars:
Dithmenos
Elyvilon
Fedhas
Ru
Trog
Uskayaw
Yredelemnul

Shops:
D:4 *

Annotations:
D:5 Prince Ribbit


Innate Abilities, Weirdness & Mutations

You reflexively headbutt those who attack you in melee.
You have a pair of horns on your head.


Message History

You slash the giant cockroach zombie!
You destroy the giant cockroach zombie!
You miss Prince Ribbit. Prince Ribbit hits you! Prince Ribbit misses you.
You slash Prince Ribbit! Your headbutt misses Prince Ribbit.
Prince Ribbit is heavily wounded.
Prince Ribbit hits you! Prince Ribbit hits you.
You barely miss Prince Ribbit. Your headbutt misses Prince Ribbit.
Prince Ribbit is heavily wounded.
Prince Ribbit says, "You're just another fly to me."
Prince Ribbit hits you!
* * * LOW HITPOINT WARNING * * *
You are too injured to fight recklessly!
You are too injured to fight recklessly!
You are too injured to fight recklessly!
Your skin crawls.
You feel resistant to hostile enchantments.
You feel somewhat more hungry. Prince Ribbit hits you!
* * * LOW HITPOINT WARNING * * *
Prince Ribbit hits you!
You die...

...#...##...# #..
.#..............###..
...#.>....##.......#
#.............##.###
#..#.##..........###
#..#(########.####..
##.##......# #.# #.#
.........#.######.#
#.# #.@........#.#
#.# #F###.####.#.#
#.# #. #.# #.#.. #.#
#. #.# #.###.##.# ..
#.# #.# #.##.# .. #.#
#.# #.##.# #.. #.#
#.# #.##.# #.. #.#
#.# #.##.# #.# #.#
#.##.#


You could see Prince Ribbit.

Vanquished Creatures
  Sigmund (D:5)
  A water moccasin (D:5)
  2 ogres (D:4)
  A scorpion (D:5)
  An orc priest (D:4)
  2 hounds (D:4)
  A jelly (D:5)
  Jessica (D:2)
  Natasha (twice) (D:3)
  An orc wizard (D:4)
  2 worker ants (D:4)
  A hound skeleton (D:5)
  8 gnolls
  2 adders
  2 worms (D:2)
  A dart slug (D:4)
  A giant gecko (D:4)
  3 orcs (D:4)
  5 giant cockroaches
  6 goblins
  9 hobgoblins
  4 jackals (D:4)
  6 kobolds
  2 quokkas
  5 bats
  A giant cockroach zombie (D:5)
  7 giant newts
  5 rats
83 creatures vanquished.

Notes
Turn   | Place    | Note
-------+----------+-------------------------------------------
     0 | D:1      | DarthKuruptios the Minotaur Berserker began the quest for the Orb.
     0 | D:1      | Reached XP level 1. HP: 19/19 MP: 0/0
   117 | D:1      | Reached XP level 2. HP: 21/27 MP: 1/1
   959 | D:2      | Reached ** piety under Trog
   959 | D:2      | Reached XP level 3. HP: 34/34 MP: 2/2
   986 | D:2      | Noticed Jessica
   989 | D:2      | Killed Jessica
  1092 | D:2      | Found a hide-covered altar of Uskayaw.
  1272 | D:2      | Found a shadowy altar of Dithmenos.
  1299 | D:2      | Found a bloodstained altar of Trog.
  1328 | D:2      | Found a blossoming altar of Fedhas.
  1432 | D:2      | Found a basalt altar of Yredelemnul.
  1439 | D:2      | Reached XP level 4. HP: 41/41 MP: 3/3
  1967 | D:3      | Noticed Natasha
  1975 | D:3      | Killed Natasha
  1980 | D:3      | Reached skill level 5 in Fighting
  1986 | D:3      | Reached XP level 5. HP: 22/48 MP: 4/4
  2254 | D:3      | Noticed Natasha
  2265 | D:3      | Killed Natasha
  2265 | D:3      | Reached skill level 1 in Stealth
  2930 | D:4      | Reached *** piety under Trog
  2985 | D:4      | Found a white marble altar of Elyvilon.
  3086 | D:4      | Found Vilupica's General Store.
  3101 | D:4      | Reached XP level 6. HP: 40/56 MP: 5/5
  3119 | D:4      | Reached skill level 5 in Axes
  3243 | D:4      | Bought a potion of curing for 42 gold pieces
  3363 | D:4      | Reached skill level 5 in Armour
  3451 | D:4      | Found a sacrificial altar of Ru.
  3454 | D:4      | Reached XP level 7. HP: 57/62 MP: 6/6
  3455 | D:4      | Found a blossoming altar of Fedhas.
  3490 | D:5      | Entered Level 5 of the Dungeon
  3620 | D:5      | Reached skill level 5 in Dodging
  3636 | D:5      | Noticed Sigmund
  3645 | D:5      | Killed Sigmund
  3729 | D:5      | Noticed Prince Ribbit
  3737 | D:5      | HP: 3/63 [Prince Ribbit (12)]
  3737 | D:5      | Mangled by Prince Ribbit

Vault maps used:
D:1:      dpeg_arrival_rooms_c
D:2:      lemuel_doored_altar, overflow_temple_1_default,
          yredelemnul_altar_generic, old_standard_altar, first_bread,
          fedhas_altar_3, uniq_jessica
D:3:      uniq_natasha
D:4:      gammafunk_temple_overflow_pools, serial_shops, shop_statue,
          elyvilon_altar_1
D:5:      lemuel_round_altar, uniq_sigmund, uniq_menkaure, uniq_prince_ribbit1,
          uniq_eustachio

Skill      XL: |  1  2  3  4  5  6  7 |
---------------+----------------------+-----
Fighting       | 4 5 6 |  6.1
Axes           | 4 5 6 |  6.1
Armour         | 3 4 5 6 |  6.2
Dodging        | 3 4 5 |  5.3
Stealth        | 1 |  1.5

Action                   |  1- 3 |  4- 6 |  7- 9 || total
-------------------------+-------+-------+-------++-------
Melee: Hand axe          |    77 |    99 |       ||   176
       Headbutt          |     9 |    17 |     1 ||    27
       Unarmed           |       |     7 |       ||     7
       War axe           |       |     3 |    24 ||    27
Invok: Berserk           |       |     2 |     1 ||     3
       Burn Spellbooks   |       |     1 |       ||     1
       Trog's Hand       |       |     1 |     1 ||     2
  Use: Scroll            |     6 |       |       ||     6
  Eat: Chunk             |     2 |     8 |       ||    10
       Fruit             |       |     1 |       ||     1
       Pizza             |       |       |     1 ||     1
Armor: Animal skin       |     7 |       |       ||     7
       Ring mail         |    20 |    35 |     6 ||    61
       Skin              |       |     1 |       ||     1
Dodge: Dodged            |    34 |    71 |    16 ||   121
